 Dungeon Crawl Stone Soup version 0.30-a0-439-g9e77e4d916 (webtiles) character file.

Game seed: 3632633644327189800

175 AigisTheKnight the Firebug (level 5, -2/39 HPs)
             Began as a Demonspawn Fire Elementalist on Dec 10, 2022.
             Killed from afar by an orc wizard (7 damage)
             ... with a magic dart
             ... on level 4 of the Dungeon.
             The game lasted 00:04:39 (2950 turns).

AigisTheKnight the Firebug (DsFE)                   Turns: 2950, Time: 00:04:40

Health: -2/39      AC:  8    Str:  9    XL:     5   Next: 29%
Magic:  2/9        EV: 12    Int: 18    God:
Gold:   136        SH:  0    Dex: 13    Spells: 8/9 levels left

rFire   . . .      SeeInvis .    c - +0 mace
rCold   . . .      Faith    .    (no shield)
rNeg    . . .      Spirit   .    a - +0 robe
rPois   .          Reflect  +    (no helmet)
rElec   .          Harm     .    t - +1 cloak
rCorr   .          Rampage  .    g - +0 pair of gloves
Will    .....                    u - +1 pair of boots
Stlth   +.........               m - amulet of reflection
HPRegen 0.26/turn                (no ring)
MPRegen 0.11/turn                (no ring)

@: confused
A: claws 1, rugged brown scales 1
a: no special abilities


You were on level 4 of the Dungeon.
You visited 1 branch of the dungeon, and saw 4 of its levels.

You collected 136 gold pieces.

Inventory:

Hand Weapons
 c - a +0 mace (weapon)
 e - a +0 club
Armour
 a - a +0 robe (worn)
 g - a +0 pair of gloves (worn)
 r - a +0 pair of boots
 t - a +1 cloak (worn)
 u - a +1 pair of boots (worn)
Jewellery
 m - an amulet of reflection (around neck)
Wands
 n - a wand of digging (3)
Scrolls
 d - a scroll of noise {unknown}
 h - 2 scrolls of teleportation {unknown}
 i - a scroll of poison {unknown}
 k - 7 scrolls of identify {unknown}
 o - a scroll of immolation {unknown}
 p - a scroll of blinking {unknown}
 s - a scroll of vulnerability {unknown}
Potions
 b - a potion of magic
 f - 2 potions of heal wounds {unknown}
 j - 2 potions of lignification {unknown}
 l - a potion of flight {unknown}
 q - a potion of might {unknown}


   Skills:
 + Level 1.7 Fighting
 + Level 2.6 Dodging
 + Level 2.6 Stealth
 + Level 2.8 Spellcasting
 + Level 2.1 Conjurations
 + Level 3.3 Fire Magic


You had 8 spell levels left.
You knew the following spells:

 Your Spells              Type           Power      Damage    Failure   Level
a - Foxfire               Conj/Fire      48%        2x1d6     5%          1

Your spell library contained the following spells:

 Spells                   Type           Power      Damage    Failure   Level
 Scorch                   Fire           28%        2d6       6%          2
 Momentum Strike          Conj/Tloc      12%        3d8       16%         2
 Blink                    Tloc           4%         N/A       26%         2
 Inner Flame              Hex/Fire       8%         N/A       26%         3
 Kindle Blastsparks       Fire/Tloc/Air  12%        2d11      32%         3
 Lesser Beckoning         Tloc           4%         N/A       45%         3
 Flame Wave               Conj/Fire      12%        2d6       47%         4


Dungeon Overview and Level Annotations

Branches:
Dungeon (4/15)             Temple (0/1) D:4

Altars:


Innate Abilities, Weirdness & Mutations

You have sharp fingernails.
You are partially covered in rugged brown scales. (AC +1, +3% HP)


Message History

Confirm with . or Enter, or press ? or * to list all spells.
You conjure some foxfire!
An orc wizard appears from thin air!
Reactivating autopickup.
Something hits you.
Deactivating autopickup; reactivate with Ctrl-A.
The foxfire hits something. x2
The orc wizard casts a spell at you.
The orc wizard gestures at you while chanting.
The puff of flame hits something!
Reactivating autopickup.
You feel a bit more experienced.
The orc wizard gestures at you while chanting.
The puff of flame hits you.
* * * LOW HITPOINT WARNING * * *
The orc wizard casts a spell at you. The magic dart hits you.
* * * LOW HITPOINT WARNING * * *
Things that are here:
a +0 club; a scroll labelled VOHA TUNEOTZUA; 42 gold pieces You barely miss the orc wizard.
The orc wizard is almost dead.
The orc wizard hits you with a +0 dagger.
* * * LOW HITPOINT WARNING * * *
The orc wizard gestures at you while chanting.
You are confused.
You barely miss the orc wizard.
The orc wizard is almost dead.
The orc wizard closely misses you.
You bump into the rock wall.
The orc wizard hits you but does no damage.
You barely miss the orc wizard.
The orc wizard is severely wounded.
The orc wizard gestures at you while chanting.
The puff of flame hits you.
* * * LOW HITPOINT WARNING * * *
The orc wizard closely misses you.
You're too confused to move!
The orc wizard points at you and mumbles some strange words.
The magic dart hits you!
You die...

####..####.# #.#
#....##.# #.# .#
#.#.#.#.# #.# .###
#...##>.###.#####.#.##
#.#...................
#....#.)###.........
####.#...#.# ######..#
.)†).......#######...#
.####...........@o...#
.# #.#)###########..#
.# #.#.# #.#....# .#
#.#<# #o# ...# .#
#.#.# #.# ..... ##
#.#.# #.##..##. #.#.#
#.##..# # #.# #.##..#
.# #.# ### #.##..##.##


You could see an orc wizard.

Vanquished Creatures
  A hound (D:4)
  3 adders
  An ufetubus (D:4)
  2 dart slugs
  10 orcs
  7 ball pythons
  4 bats
  2 endoplasms (D:1)
  4 giant cockroaches
  9 goblins
  6 hobgoblins
  7 jackals
  6 kobolds
  3 quokkas
  2 frilled lizards (D:1)
  5 rats
72 creatures vanquished.

Vanquished Creatures (others)
  An orc wizard (D:3)
  A goblin (D:4)
  147 foxfires
149 creatures vanquished.

Grand Total: 221 creatures vanquished

Notes
Turn   | Place    | Note
-------+----------+-------------------------------------------
     0 | D:1      | AigisTheKnight the Demonspawn Fire Elementalist began the
                  | quest for the Orb.
     0 | D:1      | Reached XP level 1. HP: 13/13 MP: 3/3
   155 | D:1      | Gained mutation: You are partially covered in rugged brown
                  | scales. (AC +1, +3% HP) [demonic ancestry]
   155 | D:1      | Reached XP level 2. HP: 11/20 MP: 1/5
   464 | D:1      | Reached XP level 3. HP: 25/25 MP: 2/6
   747 | D:1      | Reached skill level 1 in Fighting
  1176 | D:2      | Reached skill level 3 in Fire Magic
  1837 | D:2      | Gained mutation: You have sharp fingernails. [demonic
                  | ancestry]
  1837 | D:2      | Reached XP level 4. HP: 30/32 MP: 5/7
  2753 | D:4      | Found a staircase to the Ecumenical Temple.
  2764 | D:4      | Reached XP level 5. HP: 33/38 MP: 5/9
  2950 | D:4      | Killed from afar by an orc wizard

Illustrated notes

Levels and vault maps discovered:
D:1:      roderic_chinese_lattice_arrival, layout_loops_ring
D:2:      layout_basic
D:3:      layout_loops_corners, gammafunk_temple_overflow_elements,
          palyth_stone_intersect, st_stairs_11
D:4:      layout_loops_ring, minmay_temple_entry_stoned_glass

Skill      XL: |  1  2  3  4 |
---------------+-------------+-----
Dodging        | 2 |  2.6
Stealth        | 2 |  2.6
Fighting       | 1 |  1.7
Fire Magic     | 3 |  3.3
Conjurations   | 2 |  2.1
Spellcasting   | |  2.8

Action                   |  1- 3 |  4- 6 || total
-------------------------+-------+-------++-------
Melee: Unarmed           |    59 |       ||    59
       Mace              |    80 |    68 ||   148
       Punch             |       |     1 ||     1
 Cast: Foxfire           |    53 |    49 ||   102
 Stab: Sleeping          |     5 |     2 ||     7
Armor: Robe              |    57 |    38 ||    95
Dodge: Dodged            |   139 |    58 ||   197
Block: Other             |    13 |    22 ||    35

Table legend: (Time is in decaauts)
 A = Elapsed time spent in this place.
 B = Non-inter-level travel time spent in this place.
 C = Inter-level travel time spent in this place.
 D = Time resting spent in this place.
 E = Time spent auto-exploring this place.
 F = Levels seen in this place.
 G = Mean time per level.
                   A        B        C        D        E       F      G
               +--------+--------+--------+--------+--------+-----+--------+
         Total |   3008 |   2897 |    111 |    205 |   1973 |   4 |  752.0 |
       Dungeon |   3008 |   2897 |    111 |    205 |   1973 |   4 |  752.0 |
               +--------+--------+--------+--------+--------+-----+--------+

Top non-repeatable levels by time:
     D:1: 1149 daAuts
     D:2: 857 daAuts
     D:4: 622 daAuts
     D:3: 379 daAuts
